 Dungeon Crawl Stone Soup version 0.32-a0-834-geaf45d8e21 (webtiles) character file.

Game seed: 7927418276491175087

113 jasper the Slasher (level 4, -4/35 HPs)
             Began as a Human Fighter on Mar 25, 2024.
             Slain by a two-headed ogre
             ... wielding a +0 dire flail
              (23 damage)
             ... on level 6 of the Dungeon.
             The game lasted 00:03:12 (2150 turns).

jasper the Slasher (Human Fighter)                  Turns: 2150, Time: 00:03:12

Health: -4/35      AC:  6    Str: 22    XL:     4   Next: 96%
Magic:  4/4        EV:  9    Int:  8    God:
Gold:   47         SH:  4    Dex: 15    Spells: 3/3 levels left

rFire   . . .        a - +0 long sword (drain)
rCold   . . .        c - +0 buckler
rNeg    . . .        n - +0 ring mail
rPois   .            (no helmet)
rElec   .            (no cloak)
rCorr   .            (no gloves)
SInv    .            g - +0 pair of boots
Will    .....        (no amulet)
Stlth   +            h - +6 ring of strength
HPRegen 0.25/turn    (no ring)
MPRegen 0.09/turn

%: no passive effects
@: mighty
A: explore regen
a: no special abilities


You were on level 6 of the Dungeon.
You visited 1 branch of the dungeon, and saw 4 of its levels.

You collected 110 gold pieces.
You spent 63 gold pieces at shops.

Inventory:

Hand Weapons
 a - a +0 long sword of draining (weapon)
Missiles
 f - 31 stones (quivered)
Armour
 b - a +0 scale mail
 c - a +0 buckler (worn)
 g - a +0 pair of boots (worn)
 n - a +0 ring mail (worn)
Jewellery
 h - a +6 ring of strength (left hand)
 k - a ring of positive energy
Scrolls
 e - a scroll of immolation
 i - a scroll of identify
 m - a scroll of noise
Potions
 j - a potion of mutation {unknown}
 l - a potion of enlightenment


   Skills:
 - Level 3.0 Fighting
 + Level 5.0 Long Blades
 - Level 3.0 Armour
 - Level 3.0 Shields


You had 3 spell levels left.
You didn't know any spells.
Your spell library contained the following spells:

 Spells                   Type           Power      Damage    Failure   Level
 Magic Dart               Conj           0%         1d3       63%         1
 Blink                    Tloc           0%         N/A       77%         2
 Call Imp                 Summ           0%         N/A       77%         2


Dungeon Overview and Level Annotations

Branches:
Dungeon (3/15)

Altars:
Vehumet

Shops:
D:2 [

Annotations:
D:3 1 runed translucent door, Jigsaw's ghost, amateur GnDe


Innate Abilities, Weirdness & Mutations

You regain HP and MP as you explore.


Message History

The ball python constricts you.
You take 2 damage, and have 31/35 hp.
You hit the ball python.
You kill the ball python!
Your Long Blades skill increases to level 5!
You regained 2 hp, and now have 34/35 hp.
You see here a +0 ring mail.
n - a +0 ring mail Health restored: 35 You start removing your armour.
You continue removing your +0 scale mail. x4
You finish removing your +0 scale mail.
You start putting on your armour.
You continue putting on your +0 ring mail. x5
You finish putting on your +0 ring mail.
A malevolent force fills the Dungeon...
You fall into a shaft and drop 3 floors!
The shaft crumbles and collapses.
Found a leather armour.
Found a whip.
Found an escape hatch in the ceiling.
You see here a +0 whip.
A two-headed ogre comes into view.
It is wielding a +0 dire flail and a +0 giant spiked club.
The two-headed ogre shouts in stereo!
You feel very mighty all of a sudden.
You closely miss the two-headed ogre. The two-headed ogre barely misses you.
You block the two-headed ogre's attack.
You slash the two-headed ogre! You drain the two-headed ogre!
The two-headed ogre is heavily wounded.
You closely miss the two-headed ogre.
The two-headed ogre is heavily wounded.
You block the two-headed ogre's attack.
The two-headed ogre hits you with a +0 giant spiked club!
You take 16 damage, and have 19/35 hp.
MASSIVE DAMAGE!!
You slice the two-headed ogre!! You drain the two-headed ogre.
The two-headed ogre is almost dead.
You block the two-headed ogre's attack.
The two-headed ogre hits you with a +0 giant spiked club!!
Ouch! That really hurt!
You die...

.# #.#..# # .#
#######.#..#.#.## .#
#................ .#
#.#####.#.##.#.#
.#########.## ##.#.##.#.#
......[.....# #.........#
.#########.## ##)######.#
.#########.##.##.........
...........##..O@######.#
.#########.####### .# #.#
.# #.# .# #.# ## ###


You could see a two-headed ogre (drained).

Vanquished Creatures
  A bombardier beetle (D:2)
  2 adders
  2 ribbon worms (D:2)
  2 dart slugs (D:1)
  10 ball pythons
  3 endoplasms (D:1)
  A giant cockroach (D:1)
  2 goblins (D:1)
  5 hobgoblins
  7 jackals
  3 kobolds (D:1)
  3 quokkas
  4 bats
  2 frilled lizards (D:2)
  5 rats (D:1)
52 creatures vanquished.

Notes
Turn   | Place    | Note
-------+----------+-------------------------------------------
     0 | D:1      | jasper the Human Fighter began the quest for the Orb.
     0 | D:1      | Reached XP level 1. HP: 18/18 MP: 1/1
    27 | D:1      | Reached XP level 2. HP: 22/24 MP: 2/2
    95 | D:1      | Reached skill level 3 in Long Blades
   180 | D:1      | Found a faded altar of an unknown god.
   233 | D:1      | Reached XP level 3. HP: 21/29 MP: 3/3
   717 | D:2      | Reached skill level 4 in Long Blades
   814 | D:2      | Found Neutueb's Armour Shop.
   835 | D:2      | Bought a +0 pair of boots for 63 gold pieces
  1212 | D:2      | Found a radiant altar of Vehumet.
  1247 | D:2      | Reached XP level 4. HP: 29/35 MP: 4/4
  2003 | D:3      | Found a runed translucent door.
  2026 | D:3      | Noticed Jigsaw's ghost (amateur GnDe)
  2068 | D:3      | Reached skill level 5 in Long Blades
  2101 | D:3      | You fall into a shaft and drop 3 floors!
  2145 | D:6      | Noticed a two-headed ogre
  2150 | D:6      | Slain by a two-headed ogre

Illustrated notes

Levels and vault maps discovered:
D:1:      minmay_arrival_cross, layout_rooms, chequers_ecumenical_altar_island,
          minmay_strange_pillars, chequers_serial_rivers_micro_e
D:2:      layout_basic, basic_altar, serial_shops, shop, roderic_lattice_a,
          chequers_arboretum
D:3:      layout_basic, nicolae_overflow_crystal_walls,
          hellmonk_ghost_happy_afterlife
D:6:      layout_basic, minmay_microvault, uniq_eustachio, uniq_maggie,
          uniq_prince_ribbit1

Skill      XL: |  1  2  3  4 |
---------------+-------------+-----
Long Blades    | 3 4 5 |  5.0
Fighting       | |  3.0
Armour         | |  3.0
Shields        | |  3.0

Action                     |  1- 3 |  4- 6 || total
---------------------------+-------+-------++-------
  Melee: Long sword        |   115 |    30 ||   145
  Throw: Stone             |     2 |       ||     2
    Use: Scroll            |     4 |     2 ||     6
         Potion            |       |     1 ||     1
 Armour: Scale mail        |   104 |    18 ||   122
         Ring mail         |       |     2 ||     2
  Dodge: Dodged            |    52 |    10 ||    62
  Block: Buckler           |    35 |    10 ||    45

Table legend: (Time is in decaauts)
 A = Elapsed time spent in this place.
 B = Non-inter-level travel time spent in this place.
 C = Inter-level travel time spent in this place.
 D = Time resting spent in this place.
 E = Time spent auto-exploring this place.
 F = Levels seen in this place.
 G = Mean time per level.
                   A        B        C        D        E       F      G
               +--------+--------+--------+--------+--------+-----+--------+
         Total |   2193 |   2101 |     92 |     31 |   1616 |   4 |  548.2 |
       Dungeon |   2193 |   2101 |     92 |     31 |   1616 |   4 |  548.2 |
               +--------+--------+--------+--------+--------+-----+--------+

Top non-repeatable levels by time:
     D:2: 1221 daAuts
     D:1: 739 daAuts
     D:3: 183 daAuts
     D:6: 49 daAuts
